 Dungeon Crawl Stone Soup version 0.25-a0-479-g8579842 (webtiles) character file.

Game seed: 730414091378582177, levelgen mode: deterministic

2157 15 the Ruffian (level 9, 0/72 HPs)
             Began as a Black Draconian Transmuter on Feb 9, 2020.
             Was a Follower of Qazlal.
             Shot with an arrow by a centaur (5 damage)
             ... on level 7 of the Dungeon.
             The game lasted 00:25:32 (6401 turns).

15 the Ruffian (Black Draconian Transmuter)         Turns: 6401, Time: 00:25:33

Health: 0/72       AC:  7    Str: 15    XL:     9   Next: 10%
Magic:  15/15      EV: 14    Int: 14    God:    Qazlal [*.....]
Gold:   338        SH:  2    Dex: 12    Spells: 1/16 levels left

rFire    . . .     SeeInvis .     - Unarmed
rCold    . . .     Gourm    .   (no shield)
rNeg     . . .     Faith    .   (armour unavailable)
rPois    .         Spirit   .   (helmet restricted)
rElec    +         Reflect  .   (no cloak)
rCorr    .         Harm     .   (no gloves)
MR       .....                  (no boots)
Stlth    ++........             l - amulet of regeneration
HPRegen  0.62/turn              (no ring)
MPRegen  0.14/turn              (no ring)

@: berserk cooldown, slowed, very slow
A: breathe lightning, unfitting armour, electricity resistance, cold-blooded, AC
+7
a: Breathe Lightning, Renounce Religion


You were on level 7 of the Dungeon.
You worshipped Qazlal.
Qazlal was aware of your devotion.
You were not hungry.

You visited 2 branches of the dungeon, and saw 8 of its levels.
You also visited: Sewer.

You collected 338 gold pieces.

Inventory:

Hand Weapons
 x - the +1 dagger "Kyal" {vorpal, SInv}
   (You found it on level 5 of the Dungeon)

   It inflicts extra damage upon your enemies.
   It lets you see invisible.
Missiles
 a - 114 arrows
Jewellery
 l - an amulet of regeneration (around neck)
Wands
 m - a wand of paralysis (7)
 r - a wand of iceblast (9)
 y - a wand of polymorph (2)
Scrolls
 b - a scroll of enchant armour {unknown}
 d - 5 scrolls of teleportation
 g - 3 scrolls of enchant weapon
 h - 4 scrolls of amnesia
 n - 3 scrolls of fog
 p - a scroll of magic mapping
 s - a scroll of remove curse
 t - a scroll of blinking
Potions
 e - a potion of resistance {unknown}
 f - 2 potions of heal wounds
 i - a potion of berserk rage
 j - 3 potions of agility
 k - 2 potions of lignification
 o - a potion of experience {unknown}
 q - 2 potions of magic
 u - a potion of mutation {unknown}
 v - a potion of might {unknown}
 z - a potion of flight {unknown}
 A - a potion of haste
Comestibles
 c - 14 rations
 w - 7 chunks of flesh


   Skills:
 * Level 4.3 Fighting
 + Level 0.2 Short Blades
 * Level 4.8 Dodging
 + Level 1.3 Stealth
 + Level 6.7 Unarmed Combat
 * Level 4.4 Spellcasting
 * Level 4.7 Transmutations
 + Level 1.7 Ice Magic
 * Level 2.8 Air Magic
 + Level 1.0 Poison Magic
 * Level 2.0 Invocations
 * Level 2.1 Evocations


You had one spell level left.
You knew the following spells:

 Your Spells              Type           Power        Failure   Level  Hunger
a - Beastly Appendage     Tmut           ###...       2%          1    None
b - Sticks to Snakes      Tmut           ###.....     4%          2    ##.....
c - Spider Form           Tmut/Pois      ##........   17%         3    ###....
d - Ice Form              Ice/Tmut       ##......     43%         4    ####...
e - Mephitic Cloud        Conj/Pois/Air  #.......     32%         3    ###....
f - Blink                 Tloc           N/A          28%         2    ##.....

Your spell library contained the following spells:

 Spells                   Type           Power        Failure   Level  Hunger
 Magic Dart               Conj           #...         19%         1    None
 Call Imp                 Summ           #.......     28%         2    ##.....
 Slow                     Hex            #.......     28%         2    ##.....
 Conjure Flame            Conj/Fire      #.......     50%         3    ###....
 Blade Hands              Tmut           ###.......   58%         5    ######.


Dungeon Overview and Level Annotations

Branches:
Dungeon (7/15)             Temple (1/1) D:4           Sewer (visited)

Altars:
Ashenzari
Cheibriados
Dithmenos
Elyvilon
Fedhas
Gozag
Hepliaklqana
Kikubaaqudgha
Makhleb
Nemelex Xobeh
Okawaru
Qazlal
Sif Muna
Trog
Uskayaw
Vehumet
Wu Jian
Xom
Yredelemnul
Zin
The Shining One


Innate Abilities, Weirdness & Mutations

You can breathe wild blasts of lightning.
Your glossy black scales are hard. (AC +7)
You cannot fit into any form of body armour.
You are resistant to electric shocks. (rElec)
You are cold-blooded and may be slowed by cold attacks.


Message History

Items here: ! ( )) [ a +2 quarterstaff of speed; a +0 hunting sling; 30 sling bullets a +0 ring mail; a potion of lignification You hit the quokka skeleton.
Your tail-slap misses the quokka skeleton.
The quokka skeleton is almost destroyed.
The quokka skeleton bites you.
* * * LOW HITPOINT WARNING * * *
You punch the quokka skeleton!
You destroy the quokka skeleton!
Qazlal accepts your kill.
The centaur shouts!
You feel a strong urge to attack something.
You are no longer berserk.
You are exhausted.
You feel yourself slow down.
The centaur shoots an arrow.
The arrow closely misses you.
You see here an arrow.
The centaur shoots an arrow.
The arrow hits you.
You die...

.. ... .##c..
#...... .........
##.........
####°.........
#..)..#......##
#(##(.#.....(.#
#.....##@##.......
#..######<##......#
.. #.##.....<#
#.#####.(.# #.#
#..#c# #.# #..##z#
#.# #.# #......


You could see a centaur.

Vanquished Creatures
  Joseph (D:7)
  A water moccasin (D:4)
  A sky beast (D:6)
  A phantom (D:6)
  An orc warrior (D:6)
  3 ogres (D:5)
  A bullfrog (D:6)
  2 wights (D:6)
  A crimson imp (D:6)
  A centaur zombie (D:5)
  2 gnoll shamans (D:5)
  A jelly (D:5)
  A centaur skeleton (D:4)
  6 orc wizards
  3 orc priests (D:4)
  A hound (D:4)
  An iguana (D:4)
  5 worker ants
  A hound skeleton (D:5)
  A worker ant zombie (D:5)
  11 gnolls
  4 adders
  5 river rats (Sewer)
  A shadow imp (D:6)
  An ooze (D:4)
  2 adder skeletons (D:4)
  8 worms
  3 dart slugs
  3 leopard geckos
  16 orcs
  7 ball pythons
  6 bats
  7 giant cockroaches
  16 goblins
  7 hobgoblins
  13 jackals
  4 quokkas
  10 frilled lizards
  A jackal skeleton (D:5)
  10 kobolds
  A leopard gecko skeleton (D:4)
  A quokka skeleton (D:7)
  24 rats
196 creatures vanquished.

Vanquished Creatures (collateral kills)
  A scorpion (D:6)
  An adder (D:2)
2 creatures vanquished.

Grand Total: 198 creatures vanquished

Notes
Turn   | Place    | Note
-------+----------+-------------------------------------------
     0 | D:1      | 15 the Draconian Transmuter began the quest for the Orb.
     0 | D:1      | Reached XP level 1. HP: 16/16 MP: 3/3
    76 | D:1      | Reached XP level 2. HP: 9/23 MP: 5/5
   342 | D:1      | Learned a level 2 spell: Sticks to Snakes
   941 | D:1      | Reached XP level 3. HP: 28/28 MP: 4/6
   959 | D:1      | Learned a level 3 spell: Spider Form
  1800 | D:2      | Reached XP level 4. HP: 32/36 MP: 1/7
  1885 | D:2      | Found a sparkling altar of Nemelex Xobeh.
  1886 | D:2      | Found a shimmering blue altar of Sif Muna.
  2144 | D:2      | Found a faded altar of an unknown god.
  2298 | D:3      | Found a glowing drain.
  2338 | Sewer    | Entered a sewer
  2492 | Sewer    | Reached skill level 4 in Unarmed Combat
  2492 | Sewer    | Reached XP level 5. HP: 41/41 MP: 6/8
  3463 | D:3      | Reached XP level 6. HP: 40/50 MP: 6/10
  3648 | D:3      | Found a white marble altar of Elyvilon.
  3648 | D:3      | Found a basalt altar of Yredelemnul.
  3649 | D:3      | Found an ornate altar of the Wu Jian Council.
  3681 | D:4      | Found a staircase to the Ecumenical Temple.
  3688 | Temple   | Entered the Ecumenical Temple
  3765 | Temple   | Became a worshipper of Qazlal Stormbringer
  3834 | D:4      | Found an ancient bone altar of Kikubaaqudgha.
  3896 | D:4      | Noticed a water moccasin
  4162 | D:4      | Killed a water moccasin
  4162 | D:4      | Your scales start taking on a glossy black colour.
  4162 | D:4      | Reached XP level 7. HP: 57/57 MP: 9/11
  4162 | D:4      | Gained mutation: You are resistant to electric shocks.
                  | (rElec) [Black Draconian growth]
  4236 | D:4      | Reached skill level 5 in Unarmed Combat
  4279 | D:4      | Reached * piety under Qazlal
  4356 | D:4      | Learned a level 4 spell: Ice Form
  4421 | D:4      | Found a hide-covered altar of Uskayaw.
  4661 | D:5      | Entered Level 5 of the Dungeon
  4725 | D:5      | Reached skill level 1 in Poison Magic
  4748 | D:5      | Got a pitted dagger
  4749 | D:5      | Reached skill level 1 in Stealth
  4772 | D:5      | Identified the +1 dagger "Kyal" {vorpal, SInv} (You found
                  | it on level 5 of the Dungeon)
  4897 | D:5      | Reached XP level 8. HP: 41/66 MP: 10/13
  4901 | D:5      | Reached skill level 6 in Unarmed Combat
  5032 | D:5      | Reached skill level 1 in Ice Magic
  5093 | D:5      | Learned a level 3 spell: Mephitic Cloud
  5139 | D:5      | Found a radiant altar of Vehumet.
  5437 | D:6      | Reached skill level 1 in Air Magic
  5437 | D:6      | Reached skill level 1 in Invocations
  5810 | D:6      | Learned a level 2 spell: Blink
  5954 | D:6      | Reached skill level 1 in Evocations
  6383 | D:7      | Noticed Joseph
  6394 | D:7      | HP: 4/99 [Joseph/+2 quarterstaff of speed (10)]
  6395 | D:7      | Killed Joseph
  6395 | D:7      | Reached XP level 9. HP: 4/72 MP: 15/15
  6401 | D:7      | Shot with an arrow by a centaur

Levels and vault maps discovered:
D:1:      dpeg_arrival_leaves_temple_mockup, layout_basic
D:2:      layout_basic, grunt_temple_overflow_open,
          chequers_ecumenical_altar_simple, minmay_hexomino_f4
D:3:      layout_loops_ring, gammafunk_temple_overflow_claw,
          cheibrodos_sewer_entry_drain, first_ration
D:4:      layout_cave_pools, eat_drink_and_be_merry_uskayaw,
          kiku_gazebo_garden_becter, lemuel_temple_firewalk_b
D:5:      layout_rooms, lemuel_round_altar
D:6:      layout_basic
D:7:      layout_rooms, uniq_joseph
Temple:   nicolae_temple_god_jail

Skill      XL: |  1  2  3  4  5  6  7  8 |
---------------+-------------------------+-----
Dodging        | 2 3 4 |  4.8
Fighting       | 2 3 4 |  4.3
Unarmed Combat | 4 5 6 |  6.7
Spellcasting   | 3 4 |  4.4
Transmutations | 3 4 |  4.7
Poison Magic   | 1 |  1.0
Stealth        | 1 |  1.3
Ice Magic      | 1 |  1.7
Air Magic      | 2 |  2.8
Invocations    | 2 |  2.0
Evocations     | 2 |  2.1
Short Blades   | |  0.2

Action                   |  1- 3 |  4- 6 |  7- 9 || total
-------------------------+-------+-------+-------++-------
Melee: Unarmed           |   155 |   352 |   206 ||   713
       Tailslap          |    11 |    29 |    16 ||    56
       Kick              |     9 |    30 |     6 ||    45
       Punch             |     2 |     6 |     7 ||    15
       Headbutt          |     4 |    11 |     8 ||    23
       Dagger            |       |       |    30 ||    30
 Cast: Beastly Appendage |    15 |    32 |    14 ||    61
       Sticks to Snakes  |     2 |       |     2 ||     4
       Spider Form       |       |     4 |     2 ||     6
       Ice Form          |       |       |     2 ||     2
 Abil: Breathe Lightning |       |       |     2 ||     2
Evoke: Wand              |       |       |     4 ||     4
  Use: Scroll            |     5 |    10 |     1 ||    16
       Potion            |       |     3 |     2 ||     5
 Stab: Sleeping          |       |     1 |       ||     1
       Paralysed         |       |       |     4 ||     4
  Eat: Chunk             |     3 |    10 |     8 ||    21
Armor: Skin              |    43 |    94 |    36 ||   173
Dodge: Dodged            |   117 |   244 |   160 ||   521
Block: Other             |       |       |    10 ||    10

Table legend:
 A = Non-vault XP
 B = Vault XP
 C = Vault XP percentage of total XP
 D = Non-vault monster count
 E = Vault monster count
 F = Vault count percentage of total count
                 A         B        C        D         E       F
            +---------+---------+-------+---------+---------+-------
      Total |    2546 |     536 |  17.4 |     167 |      31 |  15.7
            +---------+---------+-------+---------+---------+-------
        D:1 |      43 |       0 |   0.0 |      24 |       0 |   0.0
        D:2 |      81 |       6 |   6.9 |      33 |       4 |  10.8
        D:3 |     244 |       3 |   1.2 |      38 |       2 |   5.0
        D:4 |     591 |       0 |   0.0 |      31 |       0 |   0.0
        D:5 |     690 |       0 |   0.0 |      21 |       0 |   0.0
        D:6 |     896 |       0 |   0.0 |      19 |       0 |   0.0
        D:7 |       1 |     439 |  99.8 |       1 |       1 |  50.0
      Sewer |       0 |      88 | 100.0 |       0 |      24 | 100.0
            +---------+---------+-------+---------+---------+-------
